 Dungeon Crawl Stone Soup version 0.29.1-12-g30fa7ad0bf (webtiles) character file.

Game seed: 16056176873042598794

163838 DemonSlayer the Eclecticist (level 17, -9/117 HPs)
             Began as a Demonspawn Earth Elementalist on Dec 22, 2022.
             Was the Champion of Cheibriados.
             Killed from afar by a deep elf knight (29 damage)
             ... with a shard of ice
             ... on level 2 of the Elven Halls on Dec 24, 2022.
             The game lasted 01:34:36 (42556 turns).

DemonSlayer the Eclecticist (DsEE)                 Turns: 42556, Time: 01:34:37

Health: -9/117     AC: 15    Str: 25    XL:     17   Next: 24%
Magic:  29/45      EV: 20    Int: 37    God:    Cheibriados [******]
Gold:   1367       SH:  0    Dex: 32    Spells: 0/47 levels left

rFire   + . .      SeeInvis .   u - +0 rapier "Sueblegi" {freeze, rElec rN++ Will+}
rCold   . . .      Faith    .   (no shield)
rNeg    + + .      Spirit   .   D - +4 troll leather armour
rPois   .          Reflect  .   v - +1 helmet of Crawling {Dex+2}
rElec   +          Harm     .   G - +0 cloak
rCorr   .          Rampage  .   (no gloves)
Will    ++...                   (boots unavailable)
Stlth   ++++......              B - amulet of regeneration
HPRegen 1.89/turn               q - ring of protection from fire
MPRegen 0.29/turn               f - ring of magical power

@: very slow
A: hooves 3, demonic guardian 2, foul stench 2, sharp scales 3
a: Renounce Religion, Bend Time, Temporal Distortion, Slouch, Step From Time


You were on level 2 of the Elven Halls.
You worshipped Cheibriados.
Cheibriados was exalted by your worship.
You visited 4 branches of the dungeon, and saw 24 of its levels.
You also visited: Gauntlet.

You collected 2487 gold pieces.
You spent 1120 gold pieces at shops.

Inventory:

Hand Weapons
 u - the +0 rapier "Sueblegi" (weapon) {freeze, rElec rN++ Will+}
   (You found it on level 4 of the Lair of Beasts)

   It freezes those it strikes, dealing additional cold damage.
   It can also slow down cold-blooded creatures.
   rElec:     It insulates you from electricity.
   rN:        It greatly protects you from negative energy.
   Will:      It increases your willpower.
 H - a +4 arbalest of freezing
Missiles
 b - 9 silver boomerangs
 k - 8 curare-tipped darts
 M - 4 boomerangs of dispersal
Armour
 d - a +3 plate armour of willpower
 v - the +1 helmet of Crawling (worn) {Dex+2}
   (You found it in a Gauntlet)

   Dex:       It affects your dexterity (+2).
 D - a +4 troll leather armour (worn)
 G - a +0 cloak (worn)
 O - a +2 tower shield
Jewellery
 f - a ring of magical power (right hand)
 j - a ring of poison resistance
 q - a ring of protection from fire (left hand)
 r - a ring of protection from cold
 x - a ring of positive energy
 B - an amulet of regeneration (around neck)
 N - a ring of see invisible
 U - a ring of protection from fire
Wands
 i - a wand of flame (57)
 o - a wand of paralysis (23)
 E - a wand of polymorph (6)
 L - a wand of mindburst (6)
 P - a wand of quicksilver (6)
 T - a wand of iceblast (1)
Scrolls
 c - 3 scrolls of immolation
 e - 9 scrolls of teleportation
 n - 5 scrolls of vulnerability
 t - 4 scrolls of amnesia
 z - a scroll of magic mapping
 J - 4 scrolls of noise
 K - 2 scrolls of identify
 S - a scroll of torment
Potions
 a - 6 potions of attraction
 g - 9 potions of curing
 h - 2 potions of lignification
 l - 5 potions of mutation
 m - 4 potions of brilliance
 p - 6 potions of ambrosia
 s - 5 potions of flight
 w - 2 potions of heal wounds
 A - 2 potions of resistance
 C - 3 potions of cancellation
 Q - 2 potions of invisibility
 X - a potion of berserk rage
Miscellaneous
 y - a condenser vane
 F - a lightning rod (4/4)
 I - a phial of floods


   Skills:
 + Level 6.0 Fighting
 + Level 1.6 Short Blades
 + Level 6.7 Axes
 + Level 1.4 Throwing
 + Level 5.9 Armour
 + Level 7.6 Dodging
 + Level 6.1 Stealth
 + Level 15.9 Spellcasting
 + Level 12.1 Conjurations
 + Level 3.3 Translocations
 + Level 0.9 Transmutations
 + Level 3.5 Ice Magic
 + Level 14.1 Earth Magic
 + Level 3.0 Evocations


You couldn't memorise any spells.
You knew the following spells:

 Your Spells              Type           Power      Damage    Failure   Level
a - Sandblast             Erth           100%       2d20      0%          1
b - Stone Arrow           Conj/Erth      100%       3d13      1%          3
c - Dazzling Flash        Conj/Hex       100%       N/A       1%          3
d - Iskenderun's Mystic   Conj/Tloc      72%        2d15      1%          4
e - Teleport Other        Tloc           53%        N/A       1%          3
f - Petrify               Tmut/Erth      71%        N/A       1%          4
g - Starburst             Conj/Fire      32%        6d10      17%         6
h - Frozen Ramparts       Ice            100%       1d16      1%          3
i - Hailstorm             Conj/Ice       73%        3d15      1%          4
j - Dispersal             Tloc           26%        N/A       45%         6
k - Alistair's Intoxicat  Tmut/Pois      21%        N/A       30%         5
l - Summon Forest         Summ/Tloc      20%        N/A       19%         5

Your spell library contained the following spells:

 Spells                   Type           Power      Damage    Failure   Level
 Beastly Appendage        Tmut           72%        N/A       1%          1
 Foxfire                  Conj/Fire      100%       2x1d9     1%          1
 Freeze                   Ice            100%       1d11      1%          1
 Shock                    Conj/Air       100%       1d9       1%          1
 Passwall                 Tmut/Erth      59%        N/A       1%          2
 Wereblood                Tmut           36%        N/A       1%          2
 Conjure Flame            Conj/Fire      65%        6-21      1%          3
 Gell's Gravitas          Tloc           53%        N/A       1%          3
 Flame Wave               Conj/Fire      65%        2d15      1%          4
 Borgnjor's Vile Clutch   Necr/Erth      34%        N/A       1%          5
 Inner Flame              Hex/Fire       29%        N/A       3%          3
 Spider Form              Tmut/Pois      32%        N/A       3%          3
 Swiftness                Air            29%        N/A       4%          3
 Ice Form                 Ice/Tmut       46%        N/A       5%          4
 Summon Ice Beast         Ice/Summ       42%        N/A       6%          4
 Airstrike                Air            14%        2d(3-19)  13%         4
 Silence                  Hex/Air        14%        N/A       34%         5
 Eringya's Noxious Bog    Tmut/Pois      16%        N/A       86%         6
 Dragon Form              Tmut           18%        N/A       100%        7
 Summon Hydra             Summ           14%        N/A       100%        7
 Necromutation            Tmut/Necr      16%        N/A       100%        8


Dungeon Overview and Level Annotations

Branches:
Dungeon (15/15)            Temple (0/1) D:7            Lair (5/5) D:8
 Shoals (0/4) Lair:3       Spider (0/4) Lair:3        Slime (0/5) Lair:5
    Orc (2/2) D:11            Elf (2/3) Orc:2        Vaults (0/5) D:14
 Depths (0/4) D:15        Gauntlet (visited)

Altars:
Cheibriados
Gozag
Kikubaaqudgha
Trog
Uskayaw
Xom
Lugonu

Shops:
D:4 !   D:8 !   Orc:2 !!([

Portals:
Abyss: Lair:5

Annotations:
D:11 1 runed translucent door
D:14 2 transporters, Opnastoc's ghost, journeyman MiBe
Lair:5 2 transporters, Qoipory's ghost, journeyman DsEE


Innate Abilities, Weirdness & Mutations

You have hooves in place of feet.
A demonic guardian rushes to your aid.
You sometimes emit foul miasma when damaged in melee.
You are completely covered in razor-sharp scales. (AC +3, Slay +3)


Message History

Unknown command.
The stone arrow hits the deep elf zephyrmancer!!
You kill the deep elf zephyrmancer!
Cheibriados appreciates the change of pace.
The deep elf archer unwields a +0 dagger.
The deep elf archer wields a +0 shortbow.
The deep elf archer shoots an arrow.
The arrow hits you!!
The stone arrow hits the deep elf death mage!!
The deep elf death mage is moderately wounded.
The deep elf archer shoots an arrow.
The arrow completely misses you.
A deep elf knight comes into view. It is wielding a +0 long sword.
The deep elf death mage gestures at you while chanting.
The bolt of negative energy hits you. You partially resist.
You feel drained.
The stone arrow hits the deep elf death mage!
The deep elf death mage is moderately wounded.
The deep elf archer shoots an arrow.
The arrow hits you!!
A demonic guardian appears!
The deep elf archer shoots an arrow.
The arrow completely misses you.
The stone arrow hits the deep elf death mage!!
The deep elf death mage is severely wounded.
The stone arrow hits the deep elf death mage!!
You kill the deep elf death mage!
Cheibriados thoroughly appreciates the change of pace.
The deep elf archer shoots an arrow.
The arrow hits you!!
Your life force feels restored.
Your Fighting skill increases to level 6!
You are too injured to fight recklessly!
You are too injured to fight recklessly!
You are too injured to fight recklessly!
Unknown command.
The deep elf archer shoots an arrow.
The arrow completely misses your sun demon.
The arrow completely misses you.
The deep elf archer shoots an arrow.
The arrow barely misses your sun demon. The arrow hits you!!
* * * LOW HITPOINT WARNING * * *
The deep elf archer shoots an arrow.
The arrow hits you!
* * * LOW HITPOINT WARNING * * *
The deep elf knight points at you and mumbles some strange words.
The shard of ice hits you!!
You die...

.############
.........)..#
..e.3.......#
....e)..@...########
....e...............
............<.......
#+##########...#####
.. #...# .. #...# .
#...# #...# #...#


You could see 2 deep elf archers, a deep elf knight and a friendly sun demon
(summoned).

Vanquished Creatures
  Rupert (D:12)
  Kirke (D:12)
  2 orc warlords
  A very ugly thing (D:15)
  A minotaur (Gauntlet)
  A deep elf death mage (Elf:2)
  A fire dragon (D:14)
  A great orb of eyes (D:15)
  3 boulder beetles
  7 hydras
  A vault guard (D:14)
  3 ogre magi
  2 centaur warriors
  14 two-headed ogres
  A catoblepas (D:14)
  A radroach (shapeshifter) (D:15)
  7 dancing weapons (Elf:1)
  3 death yaks (Lair:5)
  2 thrashing horrors (Lair:5)
  An orc high priest (Orc:2)
  A soul eater (Gauntlet)
  A tengu warrior (D:13)
  2 deep elf knights (Elf:1)
  Nergalle (Lair:3)
  2 fire crabs (shapeshifter)
  Sonja (Orc:1)
  2 fire crabs (Lair:5)
  3 skeletal warriors (D:15)
  A deep elf archer (Elf:1)
  3 wizards
  8 deep elf zephyrmancers
  Pikel (D:4)
  11 orc knights
  8 cyclopes
  16 deep elf pyromancers
  8 manticores
  An orc sorcerer (Orc:2)
  11 ugly things
  Maurice (Orc:1)
  14 elephants
  8 black mambas
  2 guardian serpents (D:13)
  A smoke demon (Lair:5)
  A gargoyle (D:10)
  11 komodo dragons
  12 cane toads
  A rime drake (Lair:4)
  2 kobold demonologists (D:12)
  3 efreet
  2 freezing wraiths (D:15)
  2 ancient zymes (Lair:5)
  13 trolls
  A hornet (D:9)
  A tarantella (Lair:3)
  19 blink frogs
  3 saltlings (Orc:2)
  2 polar bears
  4 large abominations (Lair:5)
  9 slime creatures
  A jumping spider (shapeshifter) (Lair:5)
  Sigmund (D:4)
  2 air elementals (Elf:1)
  2 spriggans (Lair:5)
  3 wyverns
  A ynoxinul (Lair:5)
  2 water elementals (Elf:1)
  5 hogs (D:12)
  4 wraiths
  31 yaks
  4 fire elementals
  2 basilisks
  2 chaos spawn (Lair:5)
  A human (shapeshifter) (D:14)
  A golden eye (shapeshifter) (D:15)
  3 steam dragons
  Menkaure (D:4)
  2 vampire mosquitoes (D:13)
  4 wargs
  4 acid dragons
  10 water moccasins
  A hell hound (Gauntlet)
  2 sky beasts
  24 orc warriors
  3 ice beasts
  5 ogres
  8 wolves
  6 centaurs
  A phantom (D:6)
  2 lemures (D:4)
  Blork the orc (D:6)
  3 kobold brigands
  A gnoll sergeant (D:8)
  6 bullfrogs
  A necrophage (D:5)
  2 earth elementals (Elf:1)
  9 small abominations (Lair:5)
  10 wights
  Dowan (D:5)
  8 electric eels
  6 howler monkeys
  2 jellies
  12 orc priests
  9 hounds
  3 gnoll boudas
  5 iguanas
  14 orc wizards
  5 hell rats (Lair:4)
  23 gnolls
  3 adders
  6 shadow imps
  4 white imps
  An adder skeleton (D:2)
  58 orcs
  4 bats
  6 endoplasms
  A giant cockroach (D:2)
  8 goblins
  12 hobgoblins
  2 jackals (D:1)
  4 quokkas
  9 ball pythons
  2 ball python skeletons (D:2)
  A frilled lizard (D:2)
  30 kobolds
  5 rats
662 creatures vanquished.

Vanquished Creatures (collateral kills)
  An ettin (Orc:1)
  A boulder beetle (D:14)
  A tengu warrior (D:11)
  2 two-headed ogres (D:15)
  An oklob plant (Lair:1)
  An elephant (Lair:5)
  An unseen horror (D:10)
  A komodo dragon (Lair:5)
  2 blink frogs (Lair:5)
  A raiju (shapeshifter) (Lair:5)
  2 small abominations (Lair:5)
  7 yaks
  Duvessa (D:5)
  A water moccasin (Lair:5)
  2 ogres (D:15)
  A bullfrog (D:7)
  A gnoll sergeant (D:9)
  A howler monkey (D:7)
  8 gnolls
  An orc (Orc:1)
  A goblin (D:1)
  A jackal (D:1)
39 creatures vanquished.

Vanquished Creatures (others)
  A deep elf knight (Elf:1)
  An electric eel (D:12)
  2 bushes (Lair:5)
  30 fungi
  2 pillars of salt (Orc:2)
  46 plants
82 creatures vanquished.

Grand Total: 783 creatures vanquished

Notes
Turn   | Place    | Note
-------+----------+-------------------------------------------
     0 | D:1      | DemonSlayer the Demonspawn Earth Elementalist began the
                  | quest for the Orb.
     0 | D:1      | Reached XP level 1. HP: 13/13 MP: 3/3
   344 | D:1      | Gained mutation: A weak demonic guardian rushes to your
                  | aid. [demonic ancestry]
   344 | D:1      | Reached XP level 2. HP: 19/19 MP: 1/5
   947 | D:1      | Reached XP level 3. HP: 24/24 MP: 3/6
  1218 | D:1      | Learned a level 3 spell: Stone Arrow
  1582 | D:2      | Found a faded altar of an unknown god.
  2161 | D:2      | Identified the +1 robe of Cheibriados, Writhing {Will+}
  2218 | D:2      | Gained mutation: You are partially covered in razor-sharp
                  | scales. (AC +1, Slay +1) [demonic ancestry]
  2218 | D:2      | Reached XP level 4. HP: 28/30 MP: 4/8
  2377 | D:2      | Learned a level 3 spell: Dazzling Flash
  3310 | D:4      | Found an opulent altar of Gozag.
  3344 | D:4      | Noticed Pikel
  3345 | D:4      | Noticed a lemure
  3345 | D:4      | Noticed a lemure
  3356 | D:4      | Paralysed by Pikel for 5 turns
  4047 | D:4      | Reached skill level 3 in Spellcasting
  4047 | D:4      | Gained mutation: You may rarely emit foul miasma when
                  | damaged in melee. [demonic ancestry]
  4047 | D:4      | Reached XP level 5. HP: 35/35 MP: 5/9
  4112 | D:4      | Noticed a lemure
  4121 | D:4      | Killed a lemure
  4143 | D:4      | Killed a lemure
  4334 | D:4      | Noticed a lemure
  4349 | D:4      | Killed Pikel
  4350 | D:4      | Reached skill level 1 in Fighting
  4350 | D:4      | Reached skill level 1 in Axes
  4350 | D:4      | Reached skill level 4 in Spellcasting
  4350 | D:4      | Reached skill level 5 in Earth Magic
  4350 | D:4      | Gained mutation: A demonic guardian rushes to your aid.
                  | [demonic ancestry]
  4350 | D:4      | Reached XP level 6. HP: 14/43 MP: 9/12
  4350 | D:4      | Gained mutation: You are mostly covered in razor-sharp
                  | scales. (AC +2, Slay +2) [demonic ancestry]
  4350 | D:4      | Reached XP level 7. HP: 15/48 MP: 9/13
  4708 | D:4      | Noticed Menkaure
  4716 | D:4      | Killed Menkaure
  4891 | D:4      | Found Nuempisa's Distillery.
  4897 | D:4      | Bought a potion of mutation for 112 gold pieces
  4897 | D:4      | Bought a potion of heal wounds for 70 gold pieces
  5177 | D:4      | Learned a level 4 spell: Iskenderun's Mystic Blast
  5181 | D:4      | Learned a level 3 spell: Teleport Other
  5255 | D:4      | Noticed Sigmund
  5261 | D:4      | Killed Sigmund
  5262 | D:4      | Reached skill level 5 in Spellcasting
  5372 | D:5      | Entered Level 5 of the Dungeon
  5498 | D:5      | Noticed Duvessa
  5502 | D:5      | Noticed Dowan
  5518 | D:5      | Killed Duvessa
  5519 | D:5      | Reached XP level 8. HP: 47/54 MP: 1/16
  5535 | D:5      | Killed Dowan
  5761 | D:5      | Reached skill level 6 in Spellcasting
  6168 | D:5      | Learned a level 4 spell: Petrify
  7037 | D:6      | Reached skill level 7 in Spellcasting
  7107 | D:6      | Gained mutation: You have large cloven feet. [demonic
                  | ancestry]
  7107 | D:6      | Reached XP level 9. HP: 46/60 MP: 14/19
  7389 | D:6      | Found a snail-covered altar of Cheibriados.
  7394 | D:6      | Found a bloodstained altar of Trog.
  7431 | D:6      | Became a worshipper of Cheibriados the Contemplative
  8700 | D:6      | Noticed Blork the orc
  8706 | D:6      | Killed Blork the orc
  8815 | D:7      | Found a staircase to the Ecumenical Temple.
  9084 | D:7      | Reached skill level 8 in Spellcasting
  9085 | D:7      | Reached * piety under Cheibriados
 10128 | D:7      | Learned a level 6 spell: Starburst
 10200 | D:8      | Found a large runed translucent door.
 10201 | D:8      | Found a large runed translucent door.
 10236 | D:8      | Found a staircase to the Lair.
 10362 | D:8      | Found Xaegan's Distillery.
 10377 | D:8      | Bought a potion of curing for 39 gold pieces
 10377 | D:8      | Bought a potion of resistance for 130 gold pieces
 10377 | D:8      | Bought a potion of curing for 39 gold pieces
 10437 | D:8      | Reached ** piety under Cheibriados
 10439 | D:8      | Gained mutation: You sometimes emit foul miasma when
                  | damaged in melee. [demonic ancestry]
 10439 | D:8      | Reached XP level 10. HP: 60/67 MP: 2/22
 10835 | D:8      | Found a hide-covered altar of Uskayaw.
 10888 | D:8      | Found an ancient bone altar of Kikubaaqudgha.
 10891 | D:8      | Reached skill level 9 in Spellcasting
 10891 | D:8      | Reached skill level 1 in Conjurations
 10932 | D:8      | Learned a level 3 spell: Frozen Ramparts
 11867 | D:9      | Reached *** piety under Cheibriados
 12231 | D:9      | Noticed a two-headed ogre
 12236 | D:9      | Killed a two-headed ogre
 12237 | D:9      | Reached skill level 10 in Spellcasting
 12484 | D:10     | Entered Level 10 of the Dungeon
 12744 | D:10     | Noticed a two-headed ogre
 12753 | D:10     | Killed a two-headed ogre
 12754 | D:10     | Reached skill level 5 in Dodging
 12962 | D:10     | Reached XP level 11. HP: 65/74 MP: 21/25
 13785 | D:10     | Reached **** piety under Cheibriados
 14162 | D:11     | Noticed a boulder beetle
 14169 | D:11     | Killed a boulder beetle
 14335 | D:11     | Reached skill level 1 in Armour
 14377 | D:11     | Noticed a red ugly thing
 14382 | D:11     | Killed a red ugly thing
 14727 | D:11     | Found a staircase to the Orcish Mines.
 14970 | D:11     | Noticed a two-headed ogre
 14977 | D:11     | Killed a two-headed ogre
 14978 | D:11     | Reached skill level 5 in Conjurations
 15113 | D:11     | Reached skill level 10 in Earth Magic
 15299 | D:11     | Noticed a wolf spider
 15299 | D:11     | Noticed a frost giant
 15299 | D:11     | Noticed a yaktaur captain
 15300 | D:11     | Found a runed translucent door.
 15303 | D:11     | Noticed a yaktaur captain
 15303 | D:11     | Noticed a fire dragon
 15303 | D:11     | Noticed a storm dragon
 15303 | D:11     | Noticed a deep troll
 15303 | D:11     | Noticed a deep troll
 15303 | D:11     | a faun changed into a deep troll
 15304 | D:11     | a deep troll changed into a dream sheep
 15563 | D:11     | Noticed a tengu warrior
 15571 | D:11     | Killed a tengu warrior
 15598 | D:11     | Noticed a two-headed ogre
 15603 | D:11     | Killed a two-headed ogre
 15872 | Lair:1   | Entered Level 1 of the Lair of Beasts
 16003 | Lair:1   | Reached skill level 11 in Spellcasting
 16210 | Lair:1   | Noticed an oklob plant
 16220 | Lair:1   | Reached ***** piety under Cheibriados
 16909 | Lair:1   | Reached XP level 12. HP: 81/81 MP: 9/27
 19711 | Lair:2   | Learned a level 4 spell: Hailstorm
 19987 | Orc:1    | Entered Level 1 of the Orcish Mines
 19987 | Orc:1    | Noticed a two-headed ogre
 19989 | Orc:1    | Noticed an orc warlord
 19996 | D:11     | Killed a two-headed ogre
 20138 | D:11     | Noticed an azure jelly
 20141 | D:11     | Noticed a sphinx
 20141 | D:11     | an azure jelly changed into a sphinx
 20375 | Lair:3   | Reached skill level 5 in Stealth
 20455 | Lair:3   | Reached skill level 5 in Axes
 20716 | Lair:3   | Noticed Nergalle
 20716 | Lair:3   | You fall into a shaft and drop 2 floors!
 20716 | Lair:5   | Entered Level 5 of the Lair of Beasts
 20716 | Lair:5   | Noticed a seven-headed hydra
 20732 | Lair:5   | Killed a seven-headed hydra
 20799 | Lair:5   | Reached skill level 12 in Spellcasting
 20818 | Lair:5   | Noticed Qoipory's ghost (journeyman DsEE)
 20921 | Lair:5   | Gained mutation: You have hoof-like feet. [demonic
                  | ancestry]
 20921 | Lair:5   | Reached XP level 13. HP: 88/88 MP: 22/29
 21238 | Lair:5   | Found a transporter.
 21240 | Lair:5   | Found a transporter.
 21421 | Lair:5   | Reached ****** piety under Cheibriados
 21567 | Lair:5   | Found a staircase to the Slime Pits.
 22198 | Lair:5   | Reached skill level 1 in Evocations
 23067 | Lair:5   | Found a corrupted altar of Lugonu.
 23067 | Lair:5   | Found a one-way gate to the infinite horrors of the Abyss.
 23205 | Lair:5   | Reached skill level 13 in Spellcasting
 23411 | Lair:5   | Reached skill level 1 in Throwing
 23690 | Lair:5   | Reached skill level 1 in Ice Magic
 23757 | Lair:5   | Learned a level 6 spell: Dispersal
 23790 | Lair:4   | Gained mutation: You have hooves in place of feet. [demonic
                  | ancestry]
 23790 | Lair:4   | Reached XP level 14. HP: 91/96 MP: 25/31
 24270 | Lair:4   | Reached skill level 5 in Fighting
 24665 | Lair:4   | Identified the +0 rapier "Sueblegi" {freeze, rElec rN++
                  | Will+}
 26047 | D:12     | Noticed Kirke
 26056 | D:12     | Noticed Rupert
 26514 | D:12     | Killed Rupert
 26515 | D:12     | Reached skill level 1 in Translocations
 26759 | D:12     | Killed Kirke
 28113 | D:13     | You fall into a shaft and drop 2 floors!
 28113 | D:15     | Entered Level 15 of the Dungeon
 28166 | D:15     | Found a gate leading to a gauntlet.
 28172 | Gauntlet | Entered a Gauntlet
 28172 | Gauntlet | Found a transporter.
 28172 | Gauntlet | Found a transporter.
 28177 | Gauntlet | Found a transporter.
 28192 | Gauntlet | Found a transporter.
 28203 | Gauntlet | Noticed a sphinx
 28203 | Gauntlet | a seven-headed hydra changed into a sphinx
 28206 | Gauntlet | Found a transporter.
 28206 | Gauntlet | Noticed a stone giant
 28206 | Gauntlet | a sphinx changed into a stone giant
 28208 | Gauntlet | a stone giant changed into a dire elephant
 28215 | Gauntlet | Noticed a storm dragon
 28215 | Gauntlet | a catoblepas changed into a storm dragon
 28216 | Gauntlet | a storm dragon changed into a minotaur
 28217 | Gauntlet | Noticed an azure jelly
 28217 | Gauntlet | a minotaur changed into an azure jelly
 28219 | Gauntlet | Found a transporter.
 28219 | Gauntlet | Noticed a storm dragon
 28219 | Gauntlet | an azure jelly changed into a storm dragon
 28220 | Gauntlet | Noticed a broodmother
 28220 | Gauntlet | a storm dragon changed into a broodmother
 28221 | Gauntlet | a broodmother changed into a goliath frog
 28235 | Gauntlet | Found a transporter.
 28262 | Gauntlet | Noticed a broodmother
 28262 | Gauntlet | an anaconda changed into a broodmother
 28263 | Gauntlet | a broodmother changed into a jorogumo
 28271 | Gauntlet | Noticed a quicksilver ooze
 28271 | Gauntlet | a five-headed hydra changed into a quicksilver ooze
 28274 | Gauntlet | a quicksilver ooze changed into a bunyip
 28276 | Gauntlet | Noticed a quicksilver ooze
 28276 | Gauntlet | a bunyip changed into a quicksilver ooze
 28301 | Gauntlet | Found a transporter.
 28316 | Gauntlet | Found a transporter.
 28334 | Gauntlet | Found a transporter.
 28343 | Gauntlet | Found a transporter.
 28359 | Gauntlet | Found a transporter.
 28426 | Gauntlet | Found a transporter.
 28438 | Gauntlet | Found a transporter.
 28934 | Gauntlet | Identified the +1 helmet of Crawling {Dex+2}
 29482 | D:15     | Found a shimmering altar of Xom.
 29483 | D:15     | Found a shimmering altar of Xom.
 29483 | D:15     | Found a shimmering altar of Xom.
 29483 | D:15     | Found a shimmering altar of Xom.
 29484 | D:15     | Found a shimmering altar of Xom.
 29638 | D:15     | Reached skill level 5 in Armour
 29639 | D:15     | Reached skill level 1 in Short Blades
 29896 | D:15     | Noticed a white very ugly thing
 30162 | D:15     | Reached skill level 14 in Spellcasting
 30166 | D:15     | Reached skill level 10 in Conjurations
 30166 | D:15     | Killed a white very ugly thing
 30277 | D:15     | Noticed a broodmother
 30277 | D:15     | a wolf spider changed into a broodmother
 30279 | D:15     | a broodmother changed into a radroach
 30621 | D:15     | Found a staircase to the Depths.
 30796 | D:15     | Paralysed by an ogre mage for 2 turns
 30803 | D:15     | Reached XP level 15. HP: 91/103 MP: 7/33
 32460 | D:14     | Found a transporter.
 32460 | D:14     | Noticed Opnastoc's ghost (journeyman MiBe)
 32462 | D:14     | Noticed a sphinx
 32473 | D:14     | Identified the +8 trident "Hopromir" {speed, rF+ rCorr}
 32473 | D:14     | Noticed a tengu reaver
 34509 | D:14     | Found a gate to the Vaults.
 34713 | D:14     | Found a transporter.
 34785 | D:14     | Identified the +5 ring mail "Luriq" {rN+ Dex+2}
 35193 | Orc:1    | Killed an orc warlord
 35543 | Orc:1    | Noticed Sonja
 35784 | D:11     | Noticed a sphinx
 35891 | Orc:1    | Killed Sonja
 35980 | Orc:1    | Noticed Maurice
 35991 | Orc:1    | Reached skill level 15 in Spellcasting
 35991 | Orc:1    | Reached XP level 16. HP: 57/111 MP: 21/35
 36010 | Orc:1    | Killed Maurice
 36517 | Orc:2    | Entered Level 2 of the Orcish Mines
 37359 | Orc:2    | Found a staircase to the Elven Halls.
 37935 | Orc:2    | Found Gioxaosm's Distillery.
 37941 | Orc:2    | Bought a potion of mutation for 128 gold pieces
 37941 | Orc:2    | Bought a potion of heal wounds for 80 gold pieces
 37968 | Orc:2    | Found Onefad's Antique Armour Shoppe.
 38099 | Orc:2    | Found Yptasila's Antique Weapon Shoppe.
 38109 | Orc:2    | Bought a shiny tower shield for 165 gold pieces
 38182 | Orc:2    | Found Qielitu's Distillery.
 38321 | Orc:2    | Bought a potion of heal wounds for 85 gold pieces
 38321 | Orc:2    | Bought 2 potions of invisibility for 272 gold pieces
 39931 | Lair:3   | Killed Nergalle
 40027 | Lair:3   | Found a staircase to the Shoals.
 40066 | Lair:3   | Found a hole to the Spider Nest.
 40561 | Elf:1    | Entered Level 1 of the Elven Halls
 40937 | Elf:1    | Gained mutation: You are completely covered in razor-sharp
                  | scales. (AC +3, Slay +3) [demonic ancestry]
 40937 | Elf:1    | Reached XP level 17. HP: 111/117 MP: 33/36
 41400 | Elf:1    | Paralysed by an air elemental for 1 turns
 41836 | Elf:1    | Got the Quarto of Permutations and Vapour
 42491 | Elf:1    | Learned a level 5 spell: Alistair's Intoxication
 42497 | Elf:1    | Learned a level 5 spell: Summon Forest
 42556 | Elf:2    | Killed from afar by a deep elf knight

Illustrated notes

Levels and vault maps discovered:
D:1:      dpeg_arrival_renting, layout_loops_ring, minmay_pentomino_t4
D:2:      layout_loops_ring, ebering_ecumenical_altar_rust, serial_undead,
          serial_undead_d, serial_undead_b, serial_undead_f, serial_undead_b,
          serial_undead_c, serial_undead_f, minmay_parallelograms
D:3:      layout_basic
D:4:      layout_basic, grunt_gozag_breadcrumbs, serial_shops,
          kennysheep_little_box, uniq_sigmund, uniq_pikel, uniq_menkaure
D:5:      corexii_shantytown, layout_basic, uniq_duvessa
D:6:      layout_gridville, mainiacjoe_overflow_catwalk_spiral, serial_bayou,
          serial_bayou_pond_d, serial_bayou_crossing, serial_bayou_ford_a,
          serial_bayou_shore_a, uniq_blork_the_orc
D:7:      layout_basic, minmay_temple_entry_from_below_a
D:8:      layout_cave_pools, jmf_multi_god_temple2, lair_entry_dummy,
          serial_shops, shop_fountains
D:9:      layout_rooms, minmay_misc_feat_square
D:10:     layout_basic, grunt_decor_resistance, hangedman_decor_riveting
D:11:     minmay_gate_of_8, layout_loops_ring, david_orc_1_choice
D:12:     layout_basic, uniq_kirke, uniq_rupert
D:13:     nrook_guardian_serpent_snake_passage, layout_layer_cave
D:14:     layout_gridville, david_vaults_5, gammafunk_ghost_arena
D:15:     gammafunk_enter_depths_forms, layout_basic, grunt_decor_mini_mirrors,
          gauntlet_entry_generic, hangedman_decor_clover_reticule,
          grunt_decor_fettered, xom_redecorated
Lair:1:   layout_long_grid, serial_rivers, chequers_serial_rivers_marsh,
          chequers_serial_rivers_room_a, chequers_serial_rivers_micro_e,
          chequers_serial_rivers_micro_a, chequers_serial_rivers_room_a,
          minmay_shattered_shrine
Lair:2:   layout_roguey, minivault_11
Lair:3:   layout_regular_city, elwin_shoals_entry_rocks,
          spider_nest_entry_rubble, serial_bayou, serial_bayou_pond_e,
          serial_bayou_pond_e, serial_bayou_pond_a, serial_bayou_pond_b,
          serial_bayou_pond_d, serial_bayou_shore_b,
          infiniplex_staircase_pool_2, grunt_megastairs_4, uniq_nergalle
Lair:4:   layout_long_grid
Lair:5:   hellmonk_lair_end_abyssal_woods, layout_regular_city,
          minmay_slime_entry_pillars, gammafunk_ghost_hive, grunt_megastairs_5
Orc:1:    layout_caves, uniq_maurice, uniq_sonja
Orc:2:    hellmonk_orc_salted, layout_diamond_mine
Elf:1:    eino_elf_arrival_sip, layout_loops_corners,
          hangedman_elven_crosses_minicolossus, serial_sigils_hangedman_clutch
Elf:2:    nicolae_elf_blades_crystal_corner, layout_onion_city, glass_columns_a,
          minivault_16, grunt_ministairs_13, drop_trap

Skill      XL: |  1  2  3  4  5  6  7  8  9 10 11 12 13 14 15 16 17 |
---------------+----------------------------------------------------+-----
Stealth        | 2 3 4 5 6 |  6.1
Earth Magic    | 3 4 5 7 8 9 10 11 12 13 14 | 14.1
Dodging        | 2 3 4 5 6 7 |  7.6
Spellcasting   | 3 4 5 7 8 10 11 12 13 14 15 | 15.9
Fighting       | 1 2 3 4 5 6 |  6.0
Axes           | 1 2 3 5 6 |  6.7
Conjurations   | 3 5 7 8 10 11 12 | 12.1
Armour         | 3 4 5 |  5.9
Evocations     | 1 2 3 |  3.0
Throwing       | 1 |  1.4
Ice Magic      | 1 2 3 |  3.5
Translocations | 2 3 |  3.3
Short Blades   | 1 |  1.6
Transmutations | |  0.9

Action                   |  1- 3 |  4- 6 |  7- 9 | 10-12 | 13-15 | 16-18 || total
-------------------------+-------+-------+-------+-------+-------+-------++-------
Melee: Unarmed           |    15 |       |       |       |       |       ||    15
       War axe           |     1 |    27 |     8 |    95 |    65 |       ||   196
       Punch             |       |       |       |     2 |     1 |     3 ||     6
       Kick              |       |       |       |       |    52 |    17 ||    69
       Rapier            |       |       |       |       |    69 |    38 ||   107
 Fire: Arbalest          |       |       |       |       |       |     3 ||     3
Throw: Dart              |       |       |     4 |     2 |    16 |       ||    22
 Cast: Sandblast         |    51 |    56 |   188 |       |       |       ||   295
       Stone Arrow       |       |       |    23 |   283 |   445 |   284 ||  1035
       Dazzling Flash    |       |       |       |     2 |     1 |     2 ||     5
       Petrify           |       |       |       |     2 |       |       ||     2
       Frozen Ramparts   |       |       |       |     1 |    15 |     1 ||    17
       Iskenderun's Myst |       |       |       |       |    63 |    20 ||    83
       Hailstorm         |       |       |       |       |    36 |     3 ||    39
Evoke: Wand              |       |       |       |     3 |    20 |       ||    23
       Condenser vane    |       |       |       |       |     4 |       ||     4
       Lightning rod     |       |       |       |       |     1 |       ||     1
       Phial of floods   |       |       |       |       |     1 |       ||     1
  Use: Scroll            |       |     2 |     9 |    19 |    12 |     5 ||    47
       Potion            |       |     4 |     2 |     3 |    12 |     1 ||    22
 Stab: Sleeping          |       |     1 |       |       |       |       ||     1
       Distracted        |       |       |       |     1 |     1 |       ||     2
       Petrified         |       |       |       |     1 |       |       ||     1
Armor: Robe              |    11 |     8 |    47 |    21 |       |       ||    87
       Skin              |       |    14 |       |       |       |       ||    14
       Troll leather arm |       |       |       |    60 |   126 |    41 ||   227
Dodge: Dodged            |    30 |    32 |    96 |   203 |   332 |   137 ||   830
